 Dungeon Crawl Stone Soup version 0.19-a0-36-g4a0968a (webtiles) character file.

490 nubinia the Grave Robber (level 6, -13/34 HPs)
             Began as a Deep Elf Necromancer on May 4, 2016.
             Was a Follower of Ashenzari.
             Mangled by mrath's ghost (17 damage)
             ... on level 4 of the Dungeon.
             The game lasted 00:20:46 (4107 turns).

nubinia the Grave Robber (Deep Elf Necromancer)     Turns: 4107, Time: 00:20:47

Health: -13/34     AC:  4    Str:  6    XL:     6   Next: 90%
Magic:  9/17       EV: 14    Int: 21    God:    Ashenzari [*.....]
Gold:   203        SH:  0    Dex: 15    Spells: 6 memorised, 1 level left

rFire  . . .     SeeInvis .     i - +0 dagger (curse)
rCold  . . .     Gourm    .     a - +0 robe
rNeg   . . .     Faith    .     (no shield)
rPois  .         Spirit   .     (no helmet)
rElec  .         Dismiss  .     d - +0 cloak
rCorr  +         Reflect  .     (no gloves)
SustAt .         Harm     .     j - +0 pair of boots
MR     .....                    (no amulet)
Stlth  +++.......               (no ring)
                                p - ring of resist corrosion

@: not resistant to hostile enchantments, fairly stealthy
A: no striking features
a: Curse Item, Scrying, Renounce Religion


You were on level 4 of the Dungeon.
You worshipped Ashenzari.
Ashenzari was aware of your devotion.
You were hungry.

You visited 1 branch of the dungeon, and saw 4 of its levels.

You collected 203 gold pieces.

Inventory:

Hand Weapons
 i - a cursed +0 dagger (weapon)
 r - a +1 short sword of freezing
Armour
 a - a +0 robe (worn)
 d - a +0 cloak (worn)
 j - a +0 pair of boots (worn)
Jewellery
 p - a ring of resist corrosion (left hand)
Wands
 v - a wand of paralysis (12/24)
Scrolls
 g - 2 scrolls of teleportation
 o - a scroll of magic mapping
 s - a scroll of remove curse
Potions
 e - a potion of agility {unknown}
 k - a potion of lignification
 l - a potion of invisibility
 m - 2 potions of haste
 q - a potion of magic {unknown}
 t - a potion of curing
 u - 2 potions of degeneration {unknown}
Books
 b - a book of Necromancy

   Spells                             Type                      Level
   a - Pain                           Necromancy                   1
   b - Animate Skeleton               Necromancy                   1
   c - Vampiric Draining              Necromancy                   3
   d - Regeneration                   Charms/Necromancy            3
   e - Animate Dead                   Necromancy                   4
   f - Control Undead                 Necromancy                   4
Comestibles
 c - 5 bread rations
 f - 2 meat rations
 h - a beef jerky
 n - 2 chunks of flesh


   Skills:
 + Level 1.1 Fighting
 + Level 1.4 Short Blades
 + Level 3.7 Dodging
 + Level 3.9 Stealth
 + Level 6.0 Spellcasting
 + Level 7.1 Necromancy


You had one spell level left.
You knew the following spells:

 Your Spells              Type           Power        Failure   Level  Hunger
a - Pain                  Necr           ####         1%          1    None
b - Vampiric Draining     Necr           #####.....   1%          3    ##.....
r - Regeneration          Chrm/Necr      ###.......   10%         3    ##.....
C - Control Undead        Necr           #####.....   6%          4    ####...
D - Animate Dead          Necr           N/A          6%          4    ####...
S - Animate Skeleton      Necr           N/A          1%          1    None


Dungeon Overview and Level Annotations

Branches:
Dungeon (4/15)
 Temple: D:4-7

Altars:
Ashenzari
Fedhas
Trog
Zin

Portals:
Sewer: D:4

Annotations:
D:4 mrath's ghost, amateur MiFi


Message History

Your orc zombie splashes around in the water.
Your adder skeleton bites mrath's ghost but does no damage.
Mrath's ghost hits you!
* * * LOW HITPOINT WARNING * * *
Your adder skeleton bites mrath's ghost but does no damage.
Your orc zombie barely misses mrath's ghost.
You enter the shallow water.
Moving in this stuff is going to be slow.
Mrath's ghost hits your adder skeleton!
Your adder skeleton completely misses mrath's ghost.
Mrath's ghost hits your adder skeleton!
Your adder skeleton is destroyed!
Your orc zombie hits mrath's ghost with a +0 club.
You swap places.
Mrath's ghost hits your orc zombie!
Your orc zombie is destroyed!
You hear a splash. x2
Your worm zombie bites mrath's ghost but does no damage.
Mrath's ghost hits you!
Ouch! That really hurt!
You die...

##############
#............
#.......)).#
#...≈Z≈....# #
#..≈W≈≈≈..######.#
#..≈≈@≈≈...##....#
#..≈≈≈≈≈[.....####..#
#....≈≈≈...###.......#
#..........# #.#####.#
#..........# #.#
#..######.## #.# ##.
..# ##.## #
##.###...####.#
#.....#......#


You could see mrath's ghost and a friendly worm zombie.

Vanquished Creatures
  2 eyes of draining (D:2)
  Terence (D:3)
  Natasha (thrice) (D:2)
  5 gnolls (D:3)
  7 adders
  2 worms
  2 dart slugs (D:2)
  6 giant geckos
  An orc (D:3)
  5 giant cockroaches
  2 goblins
  10 hobgoblins
  6 jackals
  3 quokkas (D:2)
  A ball python (D:2)
  9 bats
  3 giant newts
  3 kobolds
  8 rats
79 creatures vanquished.

Vanquished Creatures (collateral kills)
  A worm (D:4)
  2 dart slugs
  3 orcs (D:4)
  4 giant cockroaches
  A goblin (D:2)
  2 hobgoblins
  3 kobolds
  A giant gecko skeleton (D:4)
  A giant newt (D:2)
  2 rats
20 creatures vanquished.

Grand Total: 99 creatures vanquished

Notes
Turn   | Place    | Note
--------------------------------------------------------------
     0 | D:1      | nubinia the Deep Elf Necromancer began the quest for the Orb.
     0 | D:1      | Reached XP level 1. HP: 10/10 MP: 6/6
     4 | D:1      | Learned a level 1 spell: Animate Skeleton
    70 | D:1      | Reached skill level 5 in Necromancy
   251 | D:1      | Reached XP level 2. HP: 12/15 MP: 4/8
  1229 | D:2      | Reached XP level 3. HP: 18/19 MP: 7/10
  1234 | D:2      | Learned a level 3 spell: Vampiric Draining
  1241 | D:2      | Noticed Natasha
  1493 | D:2      | Found a faded altar to an unknown god.
  1513 | D:2      | Became a worshipper of Ashenzari the Shackled
  1513 | D:2      | Reached * piety under Ashenzari
  1898 | D:2      | Reached XP level 4. HP: 17/24 MP: 4/12
  2231 | D:2      | Killed Natasha
  2285 | D:2      | Reached skill level 6 in Necromancy
  2324 | D:2      | Noticed Natasha
  2330 | D:2      | Killed Natasha
  2330 | D:2      | Reached XP level 5. HP: 21/28 MP: 2/13
  2422 | D:2      | Noticed Natasha
  2440 | D:2      | Killed Natasha
  2724 | D:3      | Found a bloodstained altar of Trog.
  2726 | D:3      | Noticed an eye of draining
  2726 | D:3      | Noticed an eye of draining
  2780 | D:3      | Found a glowing silver altar of Zin.
  3095 | D:2      | Killed an eye of draining
  3095 | D:2      | Reached skill level 1 in Short Blades
  3095 | D:2      | Reached skill level 5 in Spellcasting
  3095 | D:2      | Reached XP level 6. HP: 33/33 MP: 0/15
  3240 | D:2      | Reached skill level 1 in Fighting
  3467 | D:3      | Noticed Terence
  3491 | D:3      | Killed Terence
  3742 | D:3      | Reached skill level 7 in Necromancy
  3759 | D:3      | Found a blossoming altar of Fedhas.
  3830 | D:3      | Learned a level 4 spell: Animate Dead
  3835 | D:3      | Learned a level 4 spell: Control Undead
  3839 | D:3      | Learned a level 3 spell: Regeneration
  4071 | D:4      | Noticed mrath's ghost (amateur MiFi)
  4074 | D:4      | Found a glowing drain.
  4107 | D:4      | Mangled by mrath's ghost

Vault maps used:
D:1:      saegor_arrival_miasma
D:2:      first_bread, ecumenical_altar_2, kennysheep_doodads, uniq_natasha
D:3:      lemuel_crystal_altar, lemuel_crystal_altar, trog_eyes_of_draining,
          uniq_terence
D:4:      serial_glass, glass_columns_a, glass_columns_a, portal_sewer_entry_a,
          st_stairs_9

Skill      XL: |  1  2  3  4  5  6 |
---------------+-------------------+-----
Necromancy     | 5 6 7 |  7.1
Spellcasting   | 4 5 6 |  6.0
Stealth        | 3 |  3.9
Dodging        | 3 |  3.7
Short Blades   | 1 |  1.4
Fighting       | 1 |  1.1

Action                   |  1- 3 |  4- 6 || total
-------------------------+-------+-------++-------
Melee: Dagger            |    39 |   297 ||   336
 Cast: Pain              |    58 |    32 ||    90
       Animate Skeleton  |    12 |    17 ||    29
       Vampiric Draining |     1 |    17 ||    18
       Animate Dead      |       |     3 ||     3
       Control Undead    |       |     1 ||     1
       Regeneration      |       |     1 ||     1
Invok: Curse Item        |     1 |       ||     1
  Use: Scroll            |     5 |     3 ||     8
 Stab: Sleeping          |     8 |     6 ||    14
       Distracted        |       |     2 ||     2
  Eat: Chunk             |     3 |     9 ||    12
Armor: Robe              |     8 |    50 ||    58
Dodge: Dodged            |    25 |   163 ||   188
